 Dungeon Crawl Stone Soup version 0.29.0-4-gdea44cf6ec (webtiles) character file.

Game seed: 8320799598123106615

156 qw the Ruffian (level 5, -3/42 HPs)
             Began as a Ghoul Fire Elementalist on Aug 29, 2022.
             Slain by an orc priest
             ... wielding a +0 flail
              (6 damage)
             ... on level 4 of the Dungeon.
             The game lasted 00:05:40 (3976 turns).

qw the Ruffian (Ghoul Fire Elementalist)            Turns: 3976, Time: 00:05:40

Health: -3/42      AC:  8    Str: 14    XL:     5   Next: 37%
Magic:  6/6        EV:  6    Int: 10    God:
Gold:   166        SH:  5    Dex:  9    Spells: 6/7 levels left

rFire   . . .      SeeInvis .     - Unarmed
rCold   + . .      Faith    .   (no shield)
rNeg    + + +      Spirit   .   b - +0 chain mail
rPois   inf        Reflect  +   (no helmet)
rElec   .          Harm     .   (no cloak)
rCorr   .          Rampage  .   (no gloves)
Will    .....                   (no boots)
Stlth   ..........              a - amulet of reflection
HPRegen 0.00/turn               (no ring)
MPRegen 0.10/turn               (no ring)

@: inhibited regen
A: claws 1, cold resistance 1, negative energy resistance 3, inhibited
regeneration, torment resistance 2, devour on kill
a: no special abilities


You were on level 4 of the Dungeon.
You visited 1 branch of the dungeon, and saw 4 of its levels.

You collected 166 gold pieces.


Innate Abilities, Weirdness & Mutations

You are immune to poison.
You have sharp fingernails.
Your flesh is cold resistant. (rC+)
You are immune to negative energy. (rN+++)
You do not regenerate when monsters are visible.
You are immune to unholy pain and torment.
You thrive by killing the living.


   Skills:
 - Level 2.7 Fighting
 - Level 1.2 Armour
 - Level 1.7 Dodging
 - Level 2.1 Stealth
 + Level 4.0 Unarmed Combat
 - Level 1.7 Spellcasting
 - Level 0.7 Conjurations
 - Level 2.4 Fire Magic


You had 6 spell levels left.
You knew the following spells:

 Your Spells              Type           Power      Damage    Failure   Level
a - Foxfire               Conj/Fire      16%        2x1d4     99%         1

Your spell library contained the following spells:

 Spells                   Type           Power      Damage    Failure   Level
 Scorch                   Fire           10%        2d5       99%         2
 Conjure Flame            Conj/Fire      4%         6-21      100%        3
 Inner Flame              Hex/Fire       3%         N/A       100%        3
 Flame Wave               Conj/Fire      4%         2d5       100%        4

Inventory:

Armour
 b - a +0 chain mail (worn)
 c - a +0 helmet
Jewellery
 a - an amulet of reflection (around neck)
Scrolls
 e - a scroll of identify
Potions
 d - a potion of lignification {unknown}
 f - a potion of mutation
 h - a potion of heal wounds {unknown}
 l - a potion of haste {unknown}

Dungeon Overview and Level Annotations

Branches:
Dungeon (4/15)
 Temple: D:4-7

Altars:
Ashenzari

Shops:
D:3 (


Message History

Found a robe.
c - a +0 helmet
Enter note: You now have 166 gold pieces (gained 13).
Found an escape hatch in the floor.
An orc priest comes into view. It is wielding a +0 flail.
Found a manual of Air Magic.
The orc priest mumbles some strange prayers to Beogh against you.
Beogh smites you!
You hear a shout! x2
You scratch the orc priest.
The orc priest is moderately wounded.
The orc priest hits you with a +0 flail.
You barely miss the orc priest.
The orc priest is moderately wounded.
The orc priest hits you with a +0 flail.
You scratch the orc priest but do no damage.
The orc priest is moderately wounded.
The orc priest invokes the aid of Beogh against you.
Beogh smites you!
You hear a shout! x2
You scratch the orc priest.
The orc priest is heavily wounded.
You hear a shout!
The orc priest hits you with a +0 flail!
You barely miss the orc priest.
The orc priest is moderately wounded.
The orc priest hits you with a +0 flail.
You scratch the orc priest but do no damage.
The orc priest is moderately wounded.
You scratch the orc priest.
The orc priest is heavily wounded.
The orc priest hits you but does no damage.
You scratch the orc priest but do no damage.
The orc priest is heavily wounded.
The orc priest closely misses you.
You completely miss the orc priest.
The orc priest is heavily wounded.
The orc priest hits you with a +0 flail.
You die...

#..............#
#...........#..##
#............#...
#..[.........#..<
#..............%%
#...............# #
#...............#
###.##................
#...o@................
#.....=...............
#..................#[.
..............#.......##
##.....#..>..###..
#......##....# ......#
.....# ...... .:....


You could see an orc priest.

Vanquished Creatures
  A hound (D:3)
  An iguana (D:4)
  4 worms
  2 dart slugs (D:3)
  7 orcs (D:3)
  8 bats
  8 endoplasms
  6 giant cockroaches
  7 goblins
  5 hobgoblins
  A quokka (D:2)
  4 ball pythons
  10 frilled lizards
  6 kobolds
  5 rats
75 creatures vanquished.

Vanquished Creatures (others)
  4 toadstools (D:1)
4 creatures vanquished.

Grand Total: 79 creatures vanquished

Notes
Turn   | Place    | Note
-------+----------+-------------------------------------------
     0 | D:1      | qw the Ghoul Fire Elementalist began the quest for the Orb.
     0 | D:1      | Reached XP level 1. HP: 14/14 MP: 2/2
     0 | D:1      | 0 ||| qw: Version: 0.1-a-90-g952f4b7
     0 | D:1      | 0 ||| qw: Game counter: 4213
     0 | D:1      | 0 ||| qw: Always use a shield: true
     0 | D:1      | 0 ||| qw: God list: Okawaru
     0 | D:1      | 0 ||| qw: Allow faded altars: false
     0 | D:1      | 0 ||| qw: Do Orc after D:15 true
     0 | D:1      | 0 ||| qw: Do second Lair branch before Depths: true
     0 | D:1      | 0 ||| qw: Lair rune preference: random
     0 | D:1      | 0 ||| qw: Plans: Normal
     0 | D:1      | 0 ||| PLANNING D:1-11
    24 | D:1      | 24 ||| DROPPING potion of magic.
    25 | D:1      | 25 ||| Stepping randomly (stuck).
    26 | D:1      | 26 ||| Stepping randomly (stuck).
    27 | D:1      | 27 ||| Stepping randomly (stuck).
    28 | D:1      | 28 ||| Stepping randomly (stuck).
    29 | D:1      | 29 ||| Stepping randomly (stuck).
    30 | D:1      | 30 ||| Stepping randomly (stuck).
    31 | D:1      | 31 ||| Stepping randomly (stuck).
    32 | D:1      | 32 ||| Stepping randomly (stuck).
    33 | D:1      | 33 ||| Stepping randomly (stuck).
    34 | D:1      | 34 ||| Stepping randomly (stuck).
    35 | D:1      | 35 ||| Stepping randomly (stuck).
    36 | D:1      | 36 ||| Stepping randomly (stuck).
    37 | D:1      | 37 ||| Stepping randomly (stuck).
    38 | D:1      | 38 ||| Stepping randomly (stuck).
    39 | D:1      | 39 ||| Stepping randomly (stuck).
    40 | D:1      | 40 ||| Stepping randomly (stuck).
    41 | D:1      | 41 ||| Stepping randomly (stuck).
    42 | D:1      | 42 ||| Stepping randomly (stuck).
    43 | D:1      | 43 ||| Stepping randomly (stuck).
    44 | D:1      | 44 ||| Stepping randomly (stuck).
    45 | D:1      | 45 ||| Stepping randomly (stuck).
    46 | D:1      | 46 ||| Stepping randomly (stuck).
    47 | D:1      | 47 ||| Stepping randomly (stuck).
    48 | D:1      | 48 ||| Stepping randomly (stuck).
    49 | D:1      | 49 ||| Stepping randomly (stuck).
    50 | D:1      | 50 ||| Stepping randomly (stuck).
    51 | D:1      | 51 ||| Stepping randomly (stuck).
    52 | D:1      | 52 ||| Stepping randomly (stuck).
    53 | D:1      | 53 ||| Stepping randomly (stuck).
    54 | D:1      | 54 ||| Stepping randomly (stuck).
    55 | D:1      | 55 ||| Stepping randomly (stuck).
    56 | D:1      | 56 ||| Stepping randomly (stuck).
    57 | D:1      | 57 ||| Stepping randomly (stuck).
    58 | D:1      | 58 ||| Stepping randomly (stuck).
    59 | D:1      | 59 ||| Stepping randomly (stuck).
    60 | D:1      | 60 ||| Stepping randomly (stuck).
    61 | D:1      | 61 ||| Stepping randomly (stuck).
    62 | D:1      | 62 ||| Stepping randomly (stuck).
    63 | D:1      | 63 ||| Stepping randomly (stuck).
    64 | D:1      | 64 ||| Stepping randomly (stuck).
    65 | D:1      | 65 ||| Stepping randomly (stuck).
    66 | D:1      | 66 ||| Stepping randomly (stuck).
    67 | D:1      | 67 ||| Stepping randomly (stuck).
    68 | D:1      | 68 ||| Stepping randomly (stuck).
    69 | D:1      | 69 ||| Stepping randomly (stuck).
    70 | D:1      | 70 ||| Stepping randomly (stuck).
    71 | D:1      | 71 ||| Stepping randomly (stuck).
    72 | D:1      | 72 ||| Stepping randomly (stuck).
    73 | D:1      | 73 ||| Stepping randomly (stuck).
    74 | D:1      | 74 ||| Stepping randomly (stuck).
    75 | D:1      | 75 ||| Stepping randomly (stuck).
    76 | D:1      | 76 ||| Stepping randomly (stuck).
    77 | D:1      | 77 ||| Stepping randomly (stuck).
    78 | D:1      | 78 ||| Stepping randomly (stuck).
    79 | D:1      | 79 ||| Stepping randomly (stuck).
    80 | D:1      | 80 ||| Stepping randomly (stuck).
    81 | D:1      | 81 ||| Stepping randomly (stuck).
    82 | D:1      | 82 ||| Stepping randomly (stuck).
    83 | D:1      | 83 ||| Stepping randomly (stuck).
    84 | D:1      | 84 ||| Stepping randomly (stuck).
    85 | D:1      | 85 ||| Stepping randomly (stuck).
    86 | D:1      | 86 ||| Stepping randomly (stuck).
    87 | D:1      | 87 ||| Stepping randomly (stuck).
    88 | D:1      | 88 ||| Stepping randomly (stuck).
    89 | D:1      | 89 ||| Stepping randomly (stuck).
    90 | D:1      | 90 ||| Stepping randomly (stuck).
    91 | D:1      | 91 ||| Stepping randomly (stuck).
    92 | D:1      | 92 ||| Stepping randomly (stuck).
    93 | D:1      | 93 ||| Stepping randomly (stuck).
    94 | D:1      | 94 ||| Stepping randomly (stuck).
    95 | D:1      | 95 ||| Stepping randomly (stuck).
    96 | D:1      | 96 ||| Stepping randomly (stuck).
    97 | D:1      | 97 ||| Stepping randomly (stuck).
    98 | D:1      | 98 ||| Stepping randomly (stuck).
    99 | D:1      | 99 ||| Stepping randomly (stuck).
   100 | D:1      | 100 ||| Stepping randomly (stuck).
   101 | D:1      | 101 ||| Stepping randomly (stuck).
   102 | D:1      | 102 ||| Stepping randomly (stuck).
   103 | D:1      | 103 ||| Stepping randomly (stuck).
   104 | D:1      | 104 ||| Stepping randomly (stuck).
   105 | D:1      | 105 ||| Stepping randomly (stuck).
   106 | D:1      | 106 ||| Stepping randomly (stuck).
   107 | D:1      | 107 ||| Stepping randomly (stuck).
   108 | D:1      | 108 ||| Stepping randomly (stuck).
   109 | D:1      | 109 ||| Stepping randomly (stuck).
   110 | D:1      | 110 ||| Stepping randomly (stuck).
   111 | D:1      | 111 ||| Stepping randomly (stuck).
   112 | D:1      | 112 ||| Stepping randomly (stuck).
   113 | D:1      | 113 ||| Stepping randomly (stuck).
   114 | D:1      | 114 ||| Stepping randomly (stuck).
   115 | D:1      | 115 ||| Stepping randomly (stuck).
   116 | D:1      | 116 ||| Stepping randomly (stuck).
   117 | D:1      | 117 ||| Stepping randomly (stuck).
   118 | D:1      | 118 ||| Stepping randomly (stuck).
   119 | D:1      | 119 ||| Stepping randomly (stuck).
   120 | D:1      | 120 ||| Stepping randomly (stuck).
   121 | D:1      | 121 ||| Stepping randomly (stuck).
   122 | D:1      | 122 ||| Stepping randomly (stuck).
   123 | D:1      | 123 ||| Stepping randomly (stuck).
   124 | D:1      | 124 ||| Stepping randomly (stuck).
   125 | D:1      | 125 ||| Stepping randomly (stuck).
   126 | D:1      | 126 ||| Stepping randomly (stuck).
   127 | D:1      | 127 ||| Stepping randomly (stuck).
   128 | D:1      | 128 ||| Stepping randomly (stuck).
   129 | D:1      | 129 ||| Stepping randomly (stuck).
   130 | D:1      | 130 ||| Stepping randomly (stuck).
   131 | D:1      | 131 ||| Stepping randomly (stuck).
   132 | D:1      | 132 ||| Stepping randomly (stuck).
   133 | D:1      | 133 ||| Stepping randomly (stuck).
   134 | D:1      | 134 ||| Stepping randomly (stuck).
   135 | D:1      | 135 ||| Stepping randomly (stuck).
   136 | D:1      | 136 ||| Stepping randomly (stuck).
   137 | D:1      | 137 ||| Stepping randomly (stuck).
   138 | D:1      | 138 ||| Stepping randomly (stuck).
   139 | D:1      | 139 ||| Stepping randomly (stuck).
   140 | D:1      | 140 ||| Stepping randomly (stuck).
   141 | D:1      | 141 ||| Stepping randomly (stuck).
   142 | D:1      | 142 ||| Stepping randomly (stuck).
   143 | D:1      | 143 ||| Stepping randomly (stuck).
   144 | D:1      | 144 ||| Stepping randomly (stuck).
   145 | D:1      | 145 ||| Stepping randomly (stuck).
   146 | D:1      | 146 ||| Stepping randomly (stuck).
   147 | D:1      | 147 ||| Stepping randomly (stuck).
   148 | D:1      | 148 ||| Stepping randomly (stuck).
   149 | D:1      | 149 ||| Stepping randomly (stuck).
   150 | D:1      | 150 ||| Stepping randomly (stuck).
   151 | D:1      | 151 ||| Stepping randomly (stuck).
   152 | D:1      | 152 ||| Stepping randomly (stuck).
   153 | D:1      | 153 ||| Stepping randomly (stuck).
   154 | D:1      | 154 ||| Stepping randomly (stuck).
   155 | D:1      | 155 ||| Stepping randomly (stuck).
   156 | D:1      | 156 ||| Stepping randomly (stuck).
   157 | D:1      | 157 ||| Stepping randomly (stuck).
   158 | D:1      | 158 ||| Stepping randomly (stuck).
   159 | D:1      | 159 ||| Stepping randomly (stuck).
   160 | D:1      | 160 ||| Stepping randomly (stuck).
   161 | D:1      | 161 ||| Stepping randomly (stuck).
   162 | D:1      | 162 ||| Stepping randomly (stuck).
   163 | D:1      | 163 ||| Stepping randomly (stuck).
   164 | D:1      | 164 ||| Stepping randomly (stuck).
   165 | D:1      | 165 ||| Stepping randomly (stuck).
   166 | D:1      | 166 ||| Stepping randomly (stuck).
   167 | D:1      | 167 ||| Stepping randomly (stuck).
   168 | D:1      | 168 ||| Stepping randomly (stuck).
   169 | D:1      | 169 ||| Stepping randomly (stuck).
   170 | D:1      | 170 ||| Stepping randomly (stuck).
   171 | D:1      | 171 ||| Stepping randomly (stuck).
   172 | D:1      | 172 ||| Stepping randomly (stuck).
   173 | D:1      | 173 ||| Stepping randomly (stuck).
   174 | D:1      | 174 ||| Stepping randomly (stuck).
   175 | D:1      | 175 ||| Stepping randomly (stuck).
   176 | D:1      | 176 ||| Stepping randomly (stuck).
   177 | D:1      | 177 ||| Stepping randomly (stuck).
   178 | D:1      | 178 ||| Stepping randomly (stuck).
   179 | D:1      | 179 ||| Stepping randomly (stuck).
   180 | D:1      | 180 ||| Stepping randomly (stuck).
   181 | D:1      | 181 ||| Stepping randomly (stuck).
   182 | D:1      | 182 ||| Stepping randomly (stuck).
   183 | D:1      | 183 ||| Stepping randomly (stuck).
   184 | D:1      | 184 ||| Stepping randomly (stuck).
   185 | D:1      | 185 ||| Stepping randomly (stuck).
   186 | D:1      | 186 ||| Stepping randomly (stuck).
   187 | D:1      | 187 ||| Stepping randomly (stuck).
   188 | D:1      | 188 ||| Stepping randomly (stuck).
   189 | D:1      | 189 ||| Stepping randomly (stuck).
   190 | D:1      | 190 ||| Stepping randomly (stuck).
   191 | D:1      | 191 ||| Stepping randomly (stuck).
   192 | D:1      | 192 ||| Stepping randomly (stuck).
   193 | D:1      | 193 ||| Stepping randomly (stuck).
   194 | D:1      | 194 ||| Stepping randomly (stuck).
   195 | D:1      | 195 ||| Stepping randomly (stuck).
   196 | D:1      | 196 ||| Stepping randomly (stuck).
   197 | D:1      | 197 ||| Stepping randomly (stuck).
   198 | D:1      | 198 ||| Stepping randomly (stuck).
   199 | D:1      | 199 ||| Stepping randomly (stuck).
   200 | D:1      | 200 ||| Stepping randomly (stuck).
   201 | D:1      | 201 ||| Stepping randomly (stuck).
   202 | D:1      | 202 ||| Stepping randomly (stuck).
   203 | D:1      | 203 ||| Stepping randomly (stuck).
   204 | D:1      | 204 ||| Stepping randomly (stuck).
   205 | D:1      | 205 ||| Stepping randomly (stuck).
   206 | D:1      | 206 ||| Stepping randomly (stuck).
   207 | D:1      | 207 ||| Stepping randomly (stuck).
   208 | D:1      | 208 ||| Stepping randomly (stuck).
   209 | D:1      | 209 ||| Stepping randomly (stuck).
   210 | D:1      | 210 ||| Stepping randomly (stuck).
   211 | D:1      | 211 ||| Stepping randomly (stuck).
   212 | D:1      | 212 ||| Stepping randomly (stuck).
   213 | D:1      | 213 ||| Stepping randomly (stuck).
   214 | D:1      | 214 ||| Stepping randomly (stuck).
   215 | D:1      | 215 ||| Stepping randomly (stuck).
   216 | D:1      | 216 ||| Stepping randomly (stuck).
   217 | D:1      | 217 ||| Stepping randomly (stuck).
   218 | D:1      | 218 ||| Stepping randomly (stuck).
   219 | D:1      | 219 ||| Stepping randomly (stuck).
   220 | D:1      | 220 ||| Stepping randomly (stuck).
   221 | D:1      | 221 ||| Stepping randomly (stuck).
   222 | D:1      | 222 ||| Stepping randomly (stuck).
   223 | D:1      | 223 ||| Stepping randomly (stuck).
   226 | D:1      | 226 ||| Stepping randomly (stuck).
   395 | D:1      | Reached skill level 1 in Unarmed Combat
   506 | D:1      | Reached XP level 2. HP: 9/22 MP: 3/3
   561 | D:1      | Reached skill level 1 in Fighting
   803 | D:1      | 803 ||| UPGRADING to +0 chain mail.
   813 | D:1      | 813 ||| DROPPING +0 robe.
   996 | D:2      | 996 ||| Stepping ~*~*~tactically~*~*~ (stealth).
  1128 | D:2      | Reached skill level 2 in Unarmed Combat
  1363 | D:2      | 1363 ||| Stepping ~*~*~tactically~*~*~ (stealth).
  1370 | D:2      | Reached XP level 3. HP: 28/28 MP: 4/4
  1791 | D:2      | Reached skill level 3 in Unarmed Combat
  1960 | D:2      | 1960 ||| READING 2 scrolls labelled VUUPISIMIO.
  1961 | D:2      | 1961 ||| READING scroll labelled GUOREEMURE.
  1962 | D:2      | 1962 ||| READING scroll labelled YRUOKOAGIT.
  1963 | D:2      | 1963 ||| READING 2 scrolls labelled YRPHISK FELU.
  1964 | D:2      | 1964 ||| READING scroll labelled RIK LEGUSAPPYCHASS.
  1965 | D:2      | 1965 ||| READING scroll labelled UFOLOOVEHU.
  1966 | D:2      | 1966 ||| DRINKING 2 blue potions.
  1967 | D:2      | 1967 ||| DROPPING potion of attraction.
  1968 | D:2      | 1968 ||| DROPPING scroll of poison.
  2047 | D:1      | 2047 ||| Stepping ~*~*~tactically~*~*~ (outnumbered).
  2124 | D:1      | 2124 ||| Stepping ~*~*~tactically~*~*~ (outnumbered).
  2168 | D:1      | 2168 ||| Stepping ~*~*~tactically~*~*~ (stealth).
  2175 | D:1      | 2175 ||| Stepping ~*~*~tactically~*~*~ (stealth).
  2353 | D:1      | 2353 ||| Stepping ~*~*~tactically~*~*~ (stealth).
  2362 | D:1      | 2362 ||| Stepping ~*~*~tactically~*~*~ (stealth).
  2369 | D:1      | 2369 ||| Stepping ~*~*~tactically~*~*~ (stealth).
  2388 | D:1      | Reached XP level 4. HP: 35/35 MP: 5/5
  2655 | D:1      | 2655 ||| DRINKING 2 fizzy pink potions.
  2747 | D:3      | 2747 ||| Stepping ~*~*~tactically~*~*~ (stealth).
  2764 | D:3      | 2764 ||| Stepping ~*~*~tactically~*~*~ (outnumbered).
  2765 | D:3      | 2765 ||| Stepping ~*~*~tactically~*~*~ (outnumbered).
  2783 | D:3      | 2783 ||| Stepping ~*~*~tactically~*~*~ (stealth).
  2792 | D:3      | 2792 ||| FLEEEEING.
  2794 | D:3      | 2794 ||| FLEEEEING.
  2826 | D:3      | 2826 ||| Stepping ~*~*~tactically~*~*~ (stealth).
  2913 | D:3      | Reached skill level 4 in Unarmed Combat
  3102 | D:3      | Found a broken altar of Ashenzari.
  3262 | D:3      | Reached XP level 5. HP: 17/42 MP: 6/6
  3557 | D:3      | Found Rilu's Weapon Boutique.
  3825 | D:3      | 3825 ||| UPGRADING to amulet of reflection.
  3830 | D:3      | 3830 ||| DROPPING amulet of guardian spirit.
  3831 | D:3      | 3831 ||| READING scroll labelled PEPNIRPHOGI.
  3832 | D:3      | 3832 ||| READING scroll labelled WASITEMAHE.
  3846 | D:4      | 3846 ||| Stepping ~*~*~tactically~*~*~ (stealth).
  3849 | D:4      | 3849 ||| Stepping ~*~*~tactically~*~*~ (stealth).
  3852 | D:4      | 3852 ||| Stepping ~*~*~tactically~*~*~ (stealth).
  3853 | D:4      | 3853 ||| Stepping ~*~*~tactically~*~*~ (stealth).
  3861 | D:4      | Reached skill level 1 in Armour
  3908 | D:4      | 3908 ||| FLEEEEING.
  3909 | D:4      | 3909 ||| STAIRDANCE
  3971 | D:4      | HP: 4/42 [orc priest/+0 flail (9)]
  3976 | D:4      | Slain by an orc priest

Levels and vault maps discovered:
D:1:      ldierk_water_garden, layout_loops_ring, st_stairs_1,
          corexii_hall_statues_x, minmay_lizard_pond
D:2:      kennysheep_six_static_rooms, layout_loops_corners,
          hangedman_decor_clover_reticule
D:3:      layout_loops_ring, lemuel_tele_altar, serial_shops,
          nicolae_shop_bloodbath_and_beyond
D:4:      layout_cave_pools, serial_shops, nicolae_shop_window_shopping

Skill      XL: |  1  2  3  4  5 |
---------------+----------------+-----
Unarmed Combat | 1 2 3 4 |  4.0
Fighting       | 1 2 |  2.7
Armour         | 1 |  1.2
Dodging        | |  1.7
Stealth        | |  2.1
Spellcasting   | |  1.7
Conjurations   | |  0.7
Fire Magic     | |  2.4

Action                   |  1- 3 |  4- 6 || total
-------------------------+-------+-------++-------
Melee: Unarmed           |   161 |    98 ||   259
       Punch             |     5 |     2 ||     7
Throw: Boomerang         |    22 |    18 ||    40
  Use: Scroll            |     6 |     2 ||     8
       Potion            |     1 |     1 ||     2
Armor: Robe              |     8 |       ||     8
       Chain mail        |    63 |    35 ||    98
Dodge: Dodged            |    52 |    13 ||    65
Block: Other             |       |     5 ||     5

Table legend:
 A = Non-vault XP
 B = Vault XP
 C = Vault XP percentage of total XP
 D = Non-vault monster count
 E = Vault monster count
 F = Vault count percentage of total count
                 A         B        C        D         E       F
            +---------+---------+-------+---------+---------+-------
      Total |     199 |      24 |  10.8 |      61 |      14 |  18.7
            +---------+---------+-------+---------+---------+-------
        D:1 |      28 |      11 |  28.2 |      20 |       8 |  28.6
        D:2 |      32 |      13 |  28.9 |      14 |       6 |  30.0
        D:3 |      99 |       0 |   0.0 |      24 |       0 |   0.0
        D:4 |      40 |       0 |   0.0 |       3 |       0 |   0.0
            +---------+---------+-------+---------+---------+-------
